 Dungeon Crawl Stone Soup version 0.16-a0-2955-gfa193e0 (webtiles) character file.

37 meowiteasy the Firebug (level 3, 14/14 HPs)
             Began as a Felid Fire Elementalist on Dec 4, 2014.
             Quit the game on level 3 of the Dungeon.
             The game lasted 00:08:00 (2888 turns).

meowiteasy the Firebug (Felid Fire Elementalist)    Turns: 2888, Time: 00:08:00

Health: 14/14      AC:  1    Str:  4    XL:     3   Next: 23%
Magic:  8/8        EV: 18    Int: 17    God:
Gold:   117        SH:  0    Dex: 16    Spells: 3 memorised, 0 levels left
                                        Lives:  0   Deaths: 1

rFire  . . .     SeeInvis +     (weapon unavailable)
rCold  . . .     Clarity  +     (armour unavailable)
rNeg   . . .     SustAb   .     (shield unavailable)
rPois  .         Gourm    .     (helmet unavailable)
rElec  .         Spirit   .     (cloak unavailable)
rCorr  .         Warding  .     (gloves unavailable)
rMut   .         Stasis   .     (boots unavailable)
MR     .....                    h - amulet of clarity
Stlth  +++.......               (no ring)
                                (no ring)

@: quick, not resistant to hostile enchantments, fairly stealthy
A: paw claws, no armour, no weapons or thrown items, fangs 3, see invisible,
carnivore 3, speed 1, shaggy fur 1, slow metabolism 1
a: no special abilities


You were on level 3 of the Dungeon.
You were not hungry.

You visited 1 branch of the dungeon, and saw 3 of its levels.

You collected 117 gold pieces.


Innate Abilities, Weirdness & Mutations

You cannot wear armour.
You are incapable of wielding weapons or throwing items.
Your paws have sharp claws.
You have razor-sharp teeth.
You have supernaturally acute eyesight.
You are carnivorous and can eat meat at any time.
You cover ground quickly.
You are covered in fur (AC +1).
You have a slow metabolism.


   Skills:
 - Level 2.6 Dodging
 - Level 2.6 Stealth
 - Level 2.0 Spellcasting
 + Level 1.5 Conjurations
 - Level 4.4 Fire Magic


You couldn't memorise any spells.
You knew the following spells:

 Your Spells              Type           Power        Failure   Level  Hunger
a - Flame Tongue          Conj/Fire      ##...        10%         1    #......
c - Throw Flame           Conj/Fire      ##....       12%         2    ###....
x - Conjure Flame         Conj/Fire      ##......     21%         3    ###....

Inventory:

Missiles
 i - 22 poisoned needles
Jewellery
 h - an amulet of clarity (around neck)
 l - an uncursed amulet of stasis
Magical devices
 q - a wand of digging (18)
Scrolls
 a - 4 scrolls of remove curse {unknown}
 d - 3 scrolls of noise {unknown}
 e - 3 scrolls of blinking {unknown}
 f - 2 scrolls of teleportation {unknown}
 j - a scroll of amnesia {unknown}
 n - 2 scrolls of fear {unknown}
 o - a scroll of fog {unknown}
 p - a scroll of identify {unknown}
Potions
 g - a potion of restore abilities {unknown}
 k - a potion of agility {unknown}
 m - a potion of magic {unknown}
 r - 2 potions of brilliance {unknown}
Books
 b - a book of Flames

   Spells                             Type                      Level
   a - Flame Tongue                   Conjuration/Fire             1
   b - Throw Flame                    Conjuration/Fire             2
   c - Conjure Flame                  Conjuration/Fire             3
   d - Inner Flame                    Hexes/Fire                   3
   e - Sticky Flame                   Conjuration/Fire             4
   f - Fireball                       Conjuration/Fire             5
Comestibles
 c - 2 meat rations

Dungeon Overview and Level Annotations

Branches:
Dungeon (3/15)

Altars:
Dithmenos

Annotations:
D:3 Crazy Yiuf

# #(.# #.###.#
#.....# # #..#
#.###.##############
# #..#
#.#.......รท.........
#######..#
#.#.#.##############
......#..#####.#.#.#
####...............#
###
......#..#####.....#
#..
#####..............#
#.# ##.....###..@..#
#.###.# ##....# #.#
#.###.# ####.# #%#
#...#.# #.# #.#
###...#.# #.# #.#
#.......# #.# #.#
#.......##### #.# #.#
#...........# #.# #.#
###...#####.# #.# #.#


There were no monsters in sight!


Message History

The fire roars!
Aiming: Flame Tongue
Aim: Crazy Yiuf, wielding a quarterstaff of chaos and wearing a cloak (moderately wounded)
The flame tongue hits Crazy Yiuf.
Crazy Yiuf is severely wounded.
Crazy Yiuf screams, "Mountain!
Goldfish song snockshim."
Your magical contamination has completely faded away.
You see here a hammer.
You see here a hammer.
You barely miss the hobgoblin. The hobgoblin closely misses you.
You scratch the hobgoblin.
The hobgoblin is heavily wounded.
The hobgoblin hits you.
You scratch the hobgoblin.
You kill the hobgoblin!
Crazy Yiuf hits you with a quarterstaff of chaos!
Ouch! That really hurt!
* * * LOW HITPOINT WARNING * * *
You feel yourself slow down. Crazy Yiuf misses you.
You see here a hammer.
Crazy Yiuf hits you with a quarterstaff of chaos.
* * * LOW HITPOINT WARNING * * *
Crazy Yiuf whimpers, "Fire koolooloo infinity!"
Crazy Yiuf hits you with a quarterstaff of chaos!
You die...
You are lethally poisoned!
You are now level 3!
You rejoin the land of the living...
Are you sure you want to abandon this character and quit the game? (Confirm with "yes".)

Action                   |  1- 3 |  4- 6 || total
-------------------------+-------+-------++-------
Melee: Unarmed           |    48 |     4 ||    52
 Cast: Flame Tongue      |    56 |    13 ||    69
       Conjure Flame     |     3 |     2 ||     5
 Stab: Sleeping          |     6 |       ||     6
  Eat: Chunk             |     2 |     3 ||     5

Vault maps used:
D:1:      lemuel_arrival_rhombus
D:2:      grunt_dithmenos_smoke_and_mirrors
D:3:      uniq_crazy_yiuf_cottage

Notes
Turn   | Place    | Note
--------------------------------------------------------------
     0 | D:1      | meowiteasy, the Felid Fire Elementalist, began the quest for the Orb.
     0 | D:1      | Reached XP level 1. HP: 7/7 MP: 4/4
   266 | D:1      | Reached skill level 3 in Fire Magic
   669 | D:1      | Reached XP level 2. HP: 11/11 MP: 2/5
  1012 | D:2      | Found a shadowy altar of Dithmenos.
  1355 | D:2      | Reached XP level 3. HP: 10/14 MP: 8/8
  1767 | D:3      | Learned a level 3 spell: Conjure Flame
  1770 | D:3      | Learned a level 2 spell: Throw Flame
  1773 | D:3      | Reached skill level 4 in Fire Magic
  2103 | D:3      | HP: 1/14 [jackal (2)]
  2521 | D:3      | Reached skill level 1 in Conjurations
  2521 | D:3      | Reached XP level 4. HP: 18/18 MP: 1/10
  2824 | D:3      | Noticed Crazy Yiuf
  2887 | D:3      | Slain by Crazy Yiuf
  2888 | D:3      | Reached XP level 3. HP: -5/14 MP: 2/8
  2888 | D:3      | Quit the game

Vanquished Creatures
  3 adders (D:3)
  A worm (D:3)
  A ball python (D:3)
  5 giant cockroaches
  6 goblins
  8 hobgoblins
  7 jackals
  5 kobolds
  4 bats
  A giant gecko (D:1)
  2 giant newts
  5 rats
48 creatures vanquished.
